 Dungeon Crawl Stone Soup version 0.31-a0-182-gc5ef74bbde (webtiles) character file.

Game seed: 13263189916951216385

161 frimble the Ruffian (level 5, -1/36 HPs)
             Began as an Octopode Warper on June 20, 2023.
             Slain by a sleepcap (19 damage)
             ... on level 4 of the Dungeon.
             The game lasted 00:02:50 (2744 turns).

frimble the Ruffian (Octopode Warper)               Turns: 2744, Time: 00:02:50

Health: -1/36      AC:  1    Str: 13    XL:     5   Next: 42%
Magic:  3/8        EV:  2    Int: 15    God:
Gold:   194        SH:  0    Dex: 11    Spells: 4/8 levels left

rFire   . .          .
                       - Unarmed
rCold   . . .        (no shield)
rNeg    . . .        (helmet restricted)
rPois   .            (no amulet)
rElec   .            (no ring)
rCorr   .            (no ring)
SInv    .            (no ring)
Will    .....        (no ring)
Stlth   ++           (no ring)
HPRegen 0.26/turn    (no ring)
MPRegen 0.11/turn    (no ring)
                     (no ring)

%: no passive effects
@: sleeping, on blink cooldown, very slightly contaminated
A: almost no armour, amphibious, 8 rings, camouflage 1, gelatinous body 1,
(nimble swimmer 1), tentacles
a: no special abilities


You were on level 4 of the Dungeon.
You visited 1 branch of the dungeon, and saw 4 of its levels.

You collected 194 gold pieces.

Inventory:

Missiles
 b - 6 boomerangs of dispersal
 i - a poisoned dart (quivered)
Scrolls
 a - a scroll of blinking
Potions
 c - 2 potions of resistance
 d - 2 potions of curing
 e - 2 potions of brilliance
 f - a potion of invisibility
 g - a potion of haste


   Skills:
 + Level 3.1 Fighting
 - Level 1.0 Throwing
 - Level 2.3 Dodging
 + Level 4.3 Unarmed Combat
 - Level 2.0 Spellcasting
 - Level 3.0 Translocations
 + Level 2.1 Poison Magic


You had 4 spell levels left.
You knew the following spells:

 Your Spells              Type           Power      Damage    Failure   Level
a - Blink                 Tloc           20%        N/A       10%         2
b - Poisonous Vapours     Pois/Air       8%         N/A       22%         2

Your spell library contained the following spells:

 Spells                   Type           Power      Damage    Failure   Level
 Lesser Beckoning         Tloc           20%        N/A       10%         2
 Teleport Other           Tloc           10%        N/A       19%         3
 Kiss of Death            Conj/Necr      4%         2d5       22%         1
 Vhi's Electric Charge    Tloc/Air       12%        N/A       34%         3
 Mephitic Cloud           Conj/Pois/Air  3%         N/A       45%         3
 Confusing Touch          Hex            1%         N/A       54%         3
 Manifold Assault         Tloc           10%        N/A       54%         4
 Dispel Undead            Necr           1%         3d6       91%         4
 Freezing Cloud           Conj/Ice/Air   0%         6-21      99%         5


Dungeon Overview and Level Annotations

Branches:
Dungeon (4/15)
 Temple: D:4-7

Altars:
Xom

Shops:
D:3 ?

Annotations:
D:4 Menkaure


Innate Abilities, Weirdness & Mutations

You cannot wear most types of armour.
You are amphibious.
You can wear up to eight rings at the same time.
Your skin changes colour to match your surroundings (Stealth+).
Your rubbery body absorbs attacks. (AC +1, EV +1)
((You are camouflaged when in or above water. (Stealth+)))
You have tentacles for arms and can constrict up to eight enemies at once.


Message History

You fall asleep.
You lose your grip on the sleepcap.
The sleepcap releases spores at you!!
You wake up.
Ouch! That really hurt!
The sleepcap releases spores at you.
You are engulfed in a cloud of soporific spores!
You are unaffected.
You tentacle-slap the sleepcap. You grab the sleepcap.
The sleepcap is almost destroyed.
You constrict the sleepcap. The sleepcap closely misses you.
The sleepcap barely misses you.
You tentacle-slap the sleepcap but do no damage.
The sleepcap is almost destroyed.
You constrict the sleepcap, but do no damage.
You tentacle-slap the sleepcap but do no damage.
You squeeze the sleepcap, but do no damage.
The sleepcap is almost destroyed.
You constrict the sleepcap. The sleepcap releases spores at you.
* * * LOW HITPOINT WARNING * * *
The sleepcap releases spores at you but does no damage.
You tentacle-slap the sleepcap.
You destroy the sleepcap!
The sleepcap completely misses you.
Your Poison Magic skill increases to level 2!
Casting: Blink (safe; 10% risk of failure)
Confirm with . or Enter, or press ? or * to list all spells.
You miscast Blink.
You are very lightly contaminated with residual magic.
Nothing appears to happen.
The sleepcap releases spores at you.
* * * LOW HITPOINT WARNING * * *
Casting: Blink (safe; 10% risk of failure)
Confirm with . or Enter, or press ? or * to list all spells.
You blink.
You aren't carrying any items that you can evoke.
You feel much better. The sleepcap releases spores at you!
You are engulfed in a cloud of soporific spores!
You fall asleep.
The sleepcap releases spores at you!!
Ouch! That really hurt!
You die...

....)..# #..###....#.
.......# #.........#.
.......# #)........#.
.......### #.####....#.
....#....###
#.........#.
....####...#
#.###...#.#. ....#
###.## #..# ..#..#.
..<.#
#..##########..##..#..#
....# ##.....@f..##..#
..##. ..).#
#######.......# ....#
#..(##..# #####
######..# #...# .......
f.#.#.### <.f .....
.... .##.##


You could see a sleepcap.

Vanquished Creatures
  A wight (D:4)
  A sleepcap (D:4)
  2 adders
  A dart slug (D:2)
  4 bats
  5 endoplasms
  5 giant cockroaches
  6 goblins
  10 hobgoblins
  4 jackals
  A quokka (D:1)
  4 ball pythons
  3 frilled lizards
  8 kobolds
  4 rats
59 creatures vanquished.

Notes
Turn   | Place    | Note
-------+----------+-------------------------------------------
     0 | D:1      | frimble the Octopode Warper began the quest for the Orb.
     0 | D:1      | Reached XP level 1. HP: 14/14 MP: 3/3
    10 | D:1      | Noticed a centaur
   130 | D:1      | Reached XP level 2. HP: 10/19 MP: 5/5
   184 | D:1      | Learned a level 2 spell: Blink
   259 | D:1      | Reached skill level 3 in Unarmed Combat
   398 | D:1      | Found a faded altar of an unknown god.
   495 | D:1      | Reached XP level 3. HP: 18/24 MP: 6/6
  1385 | D:2      | Found a shimmering altar of Xom.
  1401 | D:2      | Learned a level 2 spell: Poisonous Vapours
  1737 | D:3      | Reached XP level 4. HP: 30/30 MP: 7/7
  1774 | D:3      | Found Hosugeic's Magic Scroll Emporium.
  2304 | D:4      | Reached skill level 4 in Unarmed Combat
  2304 | D:4      | Reached skill level 1 in Poison Magic
  2473 | D:4      | Noticed Menkaure
  2545 | D:4      | Reached XP level 5. HP: 6/36 MP: 8/8
  2744 | D:4      | Slain by a sleepcap

Illustrated notes

Levels and vault maps discovered:
D:1:      evilmike_arrival_come_back, layout_basic, basic_ecumenical_altar
D:2:      layout_loops_ring, basic_altar
D:3:      layout_loops_ring, serial_shops, shop, minmay_statues_item
D:4:      minmay_chambers_of_fours, layout_basic, minivault_5,
          minmay_curled_crystal, uniq_ijyb, uniq_menkaure

Skill      XL: |  1  2  3  4  5 |
---------------+----------------+-----
Unarmed Combat | 3 4 |  4.3
Poison Magic   | 1 2 |  2.1
Fighting       | 3 |  3.1
Throwing       | |  1.0
Dodging        | |  2.3
Spellcasting   | |  2.0
Translocations | |  3.0

Action                     |  1- 3 |  4- 6 || total
---------------------------+-------+-------++-------
  Melee: Unarmed           |    89 |    48 ||   137
         Tentacles         |    17 |     9 ||    26
         Constrict         |    22 |    11 ||    33
         Punch             |     3 |     1 ||     4
  Throw: Boomerang         |       |     1 ||     1
         Dart              |       |     1 ||     1
   Cast: Blink             |       |     3 ||     3
    Use: Scroll            |     4 |     4 ||     8
         Potion            |       |     2 ||     2
   Stab: Sleeping          |     7 |     2 ||     9
 Armour: Skin              |     6 |     4 ||    10
  Dodge: Dodged            |    46 |    32 ||    78

Table legend: (Time is in decaauts)
 A = Elapsed time spent in this place.
 B = Non-inter-level travel time spent in this place.
 C = Inter-level travel time spent in this place.
 D = Time resting spent in this place.
 E = Time spent auto-exploring this place.
 F = Levels seen in this place.
 G = Mean time per level.
                   A        B        C        D        E       F      G
               +--------+--------+--------+--------+--------+-----+--------+
         Total |   2735 |   2640 |     95 |    185 |   1978 |   4 |  683.8 |
       Dungeon |   2735 |   2640 |     95 |    185 |   1978 |   4 |  683.8 |
               +--------+--------+--------+--------+--------+-----+--------+

Top non-repeatable levels by time:
     D:1: 926 daAuts
     D:2: 688 daAuts
     D:3: 671 daAuts
     D:4: 449 daAuts
